 Dungeon Crawl Stone Soup version 0.29.0-4-gdea44cf6ec (webtiles) character file.

Game seed: 1443637163331091823

65 qw the Chopper (level 4, 0/26 HPs)
             Began as a Tengu Warper on Aug 29, 2022.
             Succumbed to a scorpion's poison
             ... on level 2 of the Dungeon.
             The game lasted 00:00:09 (1452 turns).

qw the Chopper (Tengu Warper)                       Turns: 1452, Time: 00:00:09

Health: 0/26       AC:  9    Str: 13    XL:     4   Next: 13%
Magic:  8/8        EV:  6    Int: 14    God:
Gold:   34         SH:  0    Dex: 13    Spells: 7/7 levels left

rFire   . . .      SeeInvis .   Y - +0 hand axe
rCold   . . .      Faith    .   (no shield)
rNeg    . . .      Spirit   .   f - +0 chain mail
rPois   .          Reflect  .   (helmet restricted)
rElec   .          Harm     .   (no cloak)
rCorr   .          Rampage  .   i - +0 pair of gloves
Will    .....                   (boots unavailable)
Stlth   ..........              (no amulet)
HPRegen 0.08/turn               (no ring)
MPRegen 0.11/turn               (no ring)

@: lethally poisoned (0 -> -26)
A: beak, talons 3
a: no special abilities


You were on level 2 of the Dungeon.
You visited 1 branch of the dungeon, and saw 2 of its levels.

You collected 34 gold pieces.


Innate Abilities, Weirdness & Mutations

You have a beak for a mouth.
You have claws for feet.


   Skills:
 - Level 2.0 Fighting
 + Level 4.7 Axes
 - Level 1.0 Throwing
 - Level 1.1 Armour
 - Level 2.1 Dodging
 - Level 2.0 Spellcasting
 - Level 2.4 Translocations


You had 7 spell levels left.
You didn't know any spells.
Your spell library contained the following spells:

 Spells                   Type           Power      Damage    Failure   Level
 Blink                    Tloc           16%        N/A       99%         2
 Gell's Gravitas          Tloc           8%         N/A       100%        3
 Lesser Beckoning         Tloc           8%         N/A       100%        3
 Teleport Other           Tloc           8%         N/A       100%        3
 Manifold Assault         Tloc           8%         N/A       100%        5

Inventory:

Hand Weapons
 b - a +0 whip
 Y - a +0 hand axe (weapon)
Armour
 f - a +0 chain mail (worn)
 i - a +0 pair of gloves (worn)
Potions
 a - a potion of might {unknown}
 g - a potion of brilliance {unknown}

Dungeon Overview and Level Annotations

Branches:
Dungeon (2/15)

Altars:


Message History

A scorpion comes into view.
There is an open door here.
You hit the scorpion but do no damage. Your kick misses the scorpion.
Your punch misses the scorpion.
The scorpion stings you but does no damage.
You closely miss the scorpion. You claw the scorpion.
The scorpion is lightly wounded.
The scorpion stings you but does no damage.
You barely miss the scorpion.
You peck the scorpion, but do no damage.
The scorpion is lightly wounded.
The scorpion stings you. The scorpion barely misses you.
You hit the scorpion.
The scorpion is moderately wounded.
The scorpion stings you but does no damage.
You barely miss the scorpion. Your kick misses the scorpion.
Your peck misses the scorpion.
The scorpion is moderately wounded.
The scorpion stings you.
You barely miss the scorpion.
The scorpion is moderately wounded.
The scorpion stings you but does no damage.
The scorpion barely misses you.
You barely miss the scorpion.
The scorpion is moderately wounded.
The scorpion stings you but does no damage.
You hit the scorpion.
The scorpion is severely wounded.
The scorpion stings you.
You are poisoned.
The scorpion poisons you!
You hit the scorpion. Your kick misses the scorpion.
The scorpion is almost dead.
You feel very sick. The scorpion stings you.
You are more poisoned.
The scorpion poisons you!
You closely miss the scorpion. You claw the scorpion.
You kill the scorpion!
You die...

#. # # # ## #.##.
.<#.... #.....%#### #
+......@..# #
#......##.# # #
#####+###.###.# #
#.........# #
.....###.#### # #.##
#.#############
#.##..........#
#####.##...........
###.....#............


There were no monsters in sight!

Vanquished Creatures
  A scorpion (D:2)
  3 adders (D:2)
  3 dart slugs (D:1)
  2 ball pythons (D:1)
  4 bats
  3 endoplasms (D:1)
  4 goblins
  3 hobgoblins
  A quokka (D:1)
  2 frilled lizards
  5 kobolds
  4 rats (D:1)
35 creatures vanquished.

Notes
Turn   | Place    | Note
-------+----------+-------------------------------------------
     0 | D:1      | qw the Tengu Warper began the quest for the Orb.
     0 | D:1      | Reached XP level 1. HP: 12/12 MP: 4/4
     0 | D:1      | 0 ||| qw: Version: 0.1-a-89-g26bdef1
     0 | D:1      | 0 ||| qw: Game counter: 3478
     0 | D:1      | 0 ||| qw: Always use a shield: true
     0 | D:1      | 0 ||| qw: God list: Okawaru
     0 | D:1      | 0 ||| qw: Allow faded altars: false
     0 | D:1      | 0 ||| qw: Do Orc after D:15 true
     0 | D:1      | 0 ||| qw: Do second Lair branch before Depths: true
     0 | D:1      | 0 ||| qw: Lair rune preference: random
     0 | D:1      | 0 ||| qw: Plans: Normal
     0 | D:1      | 0 ||| PLANNING D:1-11
    28 | D:1      | Found a faded altar of an unknown god.
   100 | D:1      | Reached XP level 2. HP: 17/17 MP: 6/6
   120 | D:1      | 120 ||| UPGRADING to +0 chain mail.
   130 | D:1      | 130 ||| DROPPING +0 leather armour.
   131 | D:1      | 131 ||| READING scroll labelled ZIZXO HIPNOO.
   136 | D:1      | Reached skill level 3 in Axes
   640 | D:1      | 640 ||| Stepping ~*~*~tactically~*~*~ (hiding).
   652 | D:1      | Reached XP level 3. HP: 21/21 MP: 7/7
   734 | D:1      | 734 ||| UPGRADING to +0 pair of gloves.
   906 | D:1      | 906 ||| READING scroll labelled RUUBIU DAEJA.
   907 | D:1      | 907 ||| READING scroll labelled REORPH DIQO.
   908 | D:1      | 908 ||| READING scroll labelled KUOPLA QOTOSSA.
   909 | D:1      | 909 ||| DROPPING scroll of blinking.
   915 | D:2      | 915 ||| STAIRDANCE
   920 | D:1      | Reached skill level 4 in Axes
  1259 | D:2      | 1259 ||| Stepping ~*~*~tactically~*~*~ (stealth).
  1294 | D:2      | Reached XP level 4. HP: 17/26 MP: 8/8
  1405 | D:2      | 1405 ||| DROPPING +0 club.
  1442 | D:2      | Noticed a scorpion
  1451 | D:2      | HP: 6/26 [scorpion (5)]
  1452 | D:2      | Killed a scorpion
  1452 | D:2      | Succumbed to a scorpion's poison

Levels and vault maps discovered:
D:1:      wander_arrival_peaceful_grave, layout_loops_ring,
          shapermc_ecumenical_altar_acropolis, item_on_display_a
D:2:      layout_basic, grunt_ministairs_8

Skill      XL: |  1  2  3 |
---------------+----------+-----
Axes           | 3 4 |  4.7
Fighting       | |  2.0
Throwing       | |  1.0
Armour         | |  1.1
Dodging        | |  2.1
Spellcasting   | |  2.0
Translocations | |  2.4

Action                   |  1- 3 |  4- 6 || total
-------------------------+-------+-------++-------
Melee: Hand axe          |    83 |    10 ||    93
       Kick              |    17 |     2 ||    19
       Peck              |     6 |     1 ||     7
Throw: Boomerang         |     7 |       ||     7
  Use: Scroll            |     4 |       ||     4
Armor: Chain mail        |    44 |     5 ||    49
Dodge: Dodged            |    16 |     2 ||    18

Table legend:
 A = Non-vault XP
 B = Vault XP
 C = Vault XP percentage of total XP
 D = Non-vault monster count
 E = Vault monster count
 F = Vault count percentage of total count
                 A         B        C        D         E       F
            +---------+---------+-------+---------+---------+-------
      Total |     169 |       3 |   1.7 |      33 |       2 |   5.7
            +---------+---------+-------+---------+---------+-------
        D:1 |      42 |       2 |   4.5 |      23 |       1 |   4.2
        D:2 |     127 |       1 |   0.8 |      10 |       1 |   9.1
            +---------+---------+-------+---------+---------+-------
